 Dungeon Crawl Stone Soup version 0.30-a0-368-g86fb4627a9 (webtiles) character file.

Game seed: 1307366683221171801

93 Shayle the Chopper (level 4, -4/36 (40) HPs)
             Began as a Naga Reaver on Nov 18, 2022.
             Slain by a hell rat (12 damage)
             ... in a sewer.
             The game lasted 00:07:40 (2491 turns).

Shayle the Chopper (Naga Reaver)                    Turns: 2491, Time: 00:07:42

HP:   -4/36 (40)    AC:  4    Str: 14 (15) XL:     4   Next: 61%
MP:   7/7           EV:  9    Int: 14 (15) God:
Gold: 155           SH:  0    Dex:  6 (9)  Spells: 3/7 levels left

rFire   + . .      SeeInvis +    a - +0 hand axe
rCold   . . .      Faith    .    (no shield)
rNeg    . . .      Spirit   .    b - +0 leather armour
rPois   +          Reflect  .    (no helmet)
rElec   .          Harm     .    n - +0 cloak
rCorr   .          Rampage  .    l - +0 pair of gloves
Will    .....                    (no barding)
Stlth   ++........               (no amulet)
HPRegen 0.26/turn                f - ring of protection from fire
MPRegen 0.10/turn                (no ring)

@: brilliant, short of breath, heavily drained, very slow
A: AC +1, large, see invisible, deformed body, poison resistance, slowness 2,
spit poison 1, naga tail 1
a: Spit Poison


You were in a sewer.
You visited 1 branch of the dungeon, and saw 3 of its levels.
You also visited: Sewer.

You collected 155 gold pieces.

Inventory:

Hand Weapons
 a - a +0 hand axe (weapon)
Missiles
 p - 2 boomerangs (quivered)
Armour
 b - a +0 leather armour (worn)
 l - a +0 pair of gloves (worn)
 n - a +0 cloak (worn)
Jewellery
 f - a ring of protection from fire (left hand)
Scrolls
 c - 3 scrolls of teleportation
 e - a scroll of identify
 g - a scroll of blinking {unknown}
 i - a scroll of enchant weapon {unknown}
 k - 2 scrolls of brand weapon {unknown}
 o - a scroll of enchant armour {unknown}
Potions
 d - a potion of degeneration
 j - 2 potions of haste


   Skills:
 + Level 2.8 Fighting
 + Level 3.6 Axes
 + Level 2.3 Dodging
 + Level 2.9 Stealth
 - Level 2.0 Spellcasting
 + Level 3.0 Conjurations
 + Level 0.0 Ice Magic


You had 3 spell levels left.
You knew the following spells:

 Your Spells              Type           Power      Damage    Failure   Level
a - Kiss of Death         Conj/Necr      32%        2d7       16%         1
b - Hailstorm             Conj/Ice       8%         3d4       43%         3

Your spell library contained the following spells:

 Spells                   Type           Power      Damage    Failure   Level
 Momentum Strike          Conj/Tloc      16%        3d8       24%         2


Dungeon Overview and Level Annotations

Branches:
Dungeon (3/15)              Sewer (1/1)

Altars:

Annotations:
D:3 Grinder


Innate Abilities, Weirdness & Mutations

Your serpentine skin is tough. (AC +1)
You have supernaturally acute eyesight. (SInv)
Armour fits poorly on your strangely shaped body.
Your system is resistant to poisons. (rPois)
You cover ground very slowly.
You can spit poison.
You have a snake-like lower body.


Message History

You hit the hell rat.
The hell rat is heavily wounded.
The hell rat misses you.
You barely miss the hell rat.
The hell rat is heavily wounded.
The hell rat splashes around in the water.
The hell rat bites you!
You feel drained.
It was a potion of degeneration.
There was something very wrong with that liquid.
You feel weakened.
You feel dopey.
You feel clumsy.
The hell rat bites you but does no damage.
It was a potion of brilliance.
You feel clever all of a sudden.
The hell rat splashes around in the water.
It was a potion of curing.
You feel better.
The hell rat bites you but does no damage.
You closely miss the hell rat.
The hell rat is heavily wounded.
You have got your breath back.
The hell rat barely misses you. The hell rat bites you!
* * * LOW HITPOINT WARNING * * *
Okay, then.
Okay, then.
You hit the hell rat but do no damage.
The hell rat is heavily wounded.
The hell rat twitches its whiskers.
The hell rat barely misses you.
Press: ? - help, v - describe, . - travel
Here: a hell rat (heavily wounded) Some shallow water.
A hell rat is nearby!
The hell rat bites you but does no damage.
Aiming: Spit Poison (1% risk of failure)
Press: ? - help, Shift-Dir - straight line, f/p - hell rat
Aim: a hell rat (heavily wounded, 59% to hit)
The splash of poison hits the hell rat but does no damage.
The hell rat is poisoned.
The hell rat is heavily wounded.
The hell rat bites you!
You die...

#########
###@r~~~~~###
###.~~~~~~.~~~###
#~~.~.##'##~~.~~#
##...###
~~###~~~## #.~~##
~~~.##~~~# #~~.#
~~~~~#†~.# #~~~#
??[.##~~.#
##~..##
∩!###~~~##
#.÷~†.#####~.~~~#


You could see a hell rat (poisoned).

Vanquished Creatures
  A gnoll (D:1)
  2 adders (D:2)
  A river rat (Sewer)
  2 worms
  A dart slug (D:1)
  3 ball pythons
  8 bats
  3 endoplasms
  2 giant cockroaches (D:1)
  2 goblins (D:1)
  9 hobgoblins
  3 frilled lizards
  3 kobolds
  10 rats
50 creatures vanquished.

Vanquished Creatures (others)
  A plant (D:3)
1 creature vanquished.

Grand Total: 51 creatures vanquished

Notes
Turn   | Place    | Note
-------+----------+-------------------------------------------
     0 | D:1      | Shayle the Naga Reaver began the quest for the Orb.
     0 | D:1      | Reached XP level 1. HP: 19/19 MP: 3/3
   172 | D:1      | Reached skill level 1 in Stealth
   211 | D:1      | Reached XP level 2. HP: 24/26 MP: 5/5
   336 | D:1      | Reached XP level 3. HP: 13/33 MP: 6/6
  1255 | D:1      | You fall into a shaft and drop 1 floor!
  1474 | D:2      | Reached XP level 4. HP: 40/40 MP: 7/7
  2011 | D:3      | Noticed Grinder
  2149 | D:3      | Found a glowing drain.
  2154 | Sewer    | Entered a sewer
  2408 | Sewer    | Learned a level 3 spell: Hailstorm
  2491 | Sewer    | Slain by a hell rat

Illustrated notes

Levels and vault maps discovered:
D:1:      beargit_arrival_diablo_church, layout_basic
D:2:      layout_rooms, minmay_cut_off
D:3:      layout_loops_cross, mainiacjoe_overflow_concentric_impassable,
          serial_forest, infiniplex_forest_fountain,
          infiniplex_forest_straight_4, infiniplex_forest_lined_2,
          infiniplex_forest_straight_1, infiniplex_forest_side_room,
          infiniplex_forest_straight_2, infiniplex_forest_3_way,
          portal_sewer_entry_e, item_on_display_a, uniq_grinder
Sewer:    sewer_hellmonk_bad_rat

Skill      XL: |  1  2  3 |
---------------+----------+-----
Stealth        | 1 2 |  2.9
Dodging        | 2 |  2.3
Fighting       | |  2.8
Axes           | |  3.6
Spellcasting   | |  2.0
Conjurations   | |  3.0

Action                   |  1- 3 |  4- 6 || total
-------------------------+-------+-------++-------
Melee: Hand axe          |    91 |    32 ||   123
Throw: Boomerang         |       |    14 ||    14
 Abil: Spit Poison       |    20 |    16 ||    36
  Use: Potion            |     1 |     3 ||     4
       Scroll            |       |     2 ||     2
 Stab: Sleeping          |     1 |       ||     1
Armor: Leather armour    |    32 |     7 ||    39
Dodge: Dodged            |    51 |    13 ||    64

Table legend: (Time is in decaauts)
 A = Elapsed time spent in this place.
 B = Non-inter-level travel time spent in this place.
 C = Inter-level travel time spent in this place.
 D = Time resting spent in this place.
 E = Time spent auto-exploring this place.
 F = Levels seen in this place.
 G = Mean time per level.
                   A        B        C        D        E       F      G
               +--------+--------+--------+--------+--------+-----+--------+
         Total |   3133 |   3089 |     44 |    540 |   1682 |   4 |  783.2 |
       Dungeon |   2753 |   2709 |     44 |    283 |   1682 |   3 |  917.7 |
         Sewer |    380 |    380 |      0 |    257 |      0 |   1 |  380.0 |
               +--------+--------+--------+--------+--------+-----+--------+

Top non-repeatable levels by time:
     D:1: 1721 daAuts
     D:2: 776 daAuts
   Sewer: 380 daAuts
     D:3: 254 daAuts
